 Dungeon Crawl Stone Soup version 0.17.1-1-g73c8601 (webtiles) character file.

61073 Runnr the Thaumaturge (level 15, -14/115 HPs)
             Began as a Human Necromancer on Dec 27, 2015.
             Was a High Priest of Kikubaaqudgha.
             Shot with an arrow by a centaur warrior (21 damage)
             ... on level 13 of the Dungeon.
             The game lasted 02:58:32 (24244 turns).

Runnr the Thaumaturge (Human Necromancer)          Turns: 24244, Time: 02:58:32

Health: -14/115    AC: 10    Str: 12    XL:     15   Next: 40%
Magic:  11/41      EV: 18    Int: 27    God:    Kikubaaqudgha [*****.]
Gold:   1338       SH:  0    Dex: 16    Spells: 10 memorised, 7 levels left

rFire  + . .     SeeInvis .     A - +9 dagger "Dahufips" {speed, *Contam rElec rPois Stlth+}
rCold  . . .     Clarity  .     H - +0 leather armour "Fuifeim" {rN+ MR++ Int+3}
rNeg   + . .     SustAt   .     (no shield)
rPois  +         Gourm    +     U - +3 hat of Pondering {ponderous, MR+ MP+10 Int+5}
rElec  +         Spirit   .     a - +0 cloak
rCorr  .         Warding  .     J - +0 pair of gloves
rMut   .         Stasis   .     s - +0 pair of boots
MR     +++++                    y - amulet of the gourmand
Stlth  +++.......               w - +3 ring of strength
                                Y - ring of protection from fire

@: very slightly contaminated, hasted, very quick, almost entirely resistant to
hostile enchantments, fairly stealthy
A: magic resistance 1
a: Receive Corpses, Torment, Renounce Religion


You were on level 13 of the Dungeon.
You worshipped Kikubaaqudgha.
Kikubaaqudgha was extremely pleased with you.
You were very hungry.

You visited 3 branches of the dungeon, and saw 22 of its levels.
You also visited: Sewer and Ice Cave.

You collected 1520 gold pieces.
You spent 182 gold pieces at shops.

Inventory:

Hand Weapons
 A - the +9 dagger "Dahufips" (weapon) {speed, *Contam rElec rPois Stlth+}
   (You took it off a crimson imp on level 5 of the Dungeon)

   Attacks with this weapon are significantly faster.
   It insulates you from electricity.
   It protects you from poison.
   It causes magical contamination when unequipped.
   It makes you more stealthy.
Armour
 a - a +0 cloak (worn)
 s - a +0 pair of boots (worn)
 H - the +0 leather armour "Fuifeim" (worn) {rN+ MR++ Int+3}
   (You bought it in a shop on level 11 of the Dungeon)

   It affects your intelligence (+3).
   It protects you from negative energy.
   It affects your resistance to hostile enchantments.
 J - a +0 pair of gloves (worn)
 U - the +3 hat of Pondering (worn) {ponderous, MR+ MP+10 Int+5}
   (You took it off Gastronok on level 8 of the Dungeon)

   It affects your intelligence (+5).
   It affects your resistance to hostile enchantments.
   It affects your magic capacity (+10).
Jewellery
 d - an uncursed ring of teleportation
 p - an uncursed ring of positive energy
 w - a +3 ring of strength (right hand)
 y - an amulet of the gourmand (around neck)
 T - an uncursed amulet of rage
 Y - a ring of protection from fire (left hand)
Wands
 K - a wand of digging (18)
 R - a wand of draining (8)
Scrolls
 e - a scroll of blinking {unknown}
 f - 3 scrolls of enchant armour
 r - 5 scrolls of amnesia
 t - a scroll of magic mapping
 E - 3 scrolls of remove curse
 G - a scroll of fog
 L - 4 scrolls of recharging
 M - 2 scrolls of enchant weapon
 N - 2 scrolls of immolation
 Z - a scroll of summoning
Potions
 b - a potion of ambrosia {unknown}
 g - 2 potions of curing
 i - 3 potions of might
 j - 4 potions of haste
 k - a potion of cancellation
 o - 3 potions of lignification
 z - 3 potions of agility
 C - 2 potions of resistance
 F - 3 potions of brilliance
 S - 3 potions of magic
 X - 3 potions of flight
Books
 h - a book of Enchantments

   Spells                             Type                      Level
   a - Cause Fear                     Hexes                        4
   b - Silence                        Hexes/Air                    5
   c - Deflect Missiles               Charms/Air                   6
   d - Haste                          Charms                       6
   e - Discord                        Hexes                        8
 O - Kikubaaqudgha's Almanac of Black Rituals
   (Kikubaaqudgha gifted it to you on level 7 of the Dungeon)

   Spells                             Type                      Level
   a - Animate Dead                   Necromancy                   4
   b - Agony                          Necromancy                   5
   c - Cigotuvi's Embrace             Necromancy                   5
   d - Dispel Undead                  Necromancy                   5
   e - Simulacrum                     Ice/Necromancy               6
Miscellaneous
 m - a disc of storms
Comestibles
 c - 9 bread rations
 l - 2 beef jerkies
 v - 12 meat rations
 V - 30 fruits
 W - 8 slices of pizza


   Skills:
 + Level 10.0 Fighting
 - Level 6.6 Armour
 + Level 10.2 Dodging
 - Level 2.0 Stealth
 + Level 12.1 Spellcasting
 - Level 3.3 Conjurations
 - Level 3.5 Hexes
 + Level 11.6 Necromancy
 - Level 4.0 Fire Magic
 - Level 10.5 Ice Magic


You had 7 spell levels left.
You knew the following spells:

 Your Spells              Type           Power        Failure   Level  Hunger
a - Pain                  Necr           ####         1%          1    None
b - Inner Flame           Hex/Fire       #####...     2%          3    None
c - Throw Flame           Conj/Fire      #####.       1%          2    None
d - Conjure Flame         Conj/Fire      #####...     2%          3    None
r - Regeneration          Chrm/Necr      #####.....   1%          3    None
s - Animate Skeleton      Necr           N/A          1%          1    None
v - Vampiric Draining     Necr           ######....   1%          3    None
z - Animate Dead          Necr           N/A          1%          4    None
A - Agony                 Necr           ######..     1%          5    ###....
S - Simulacrum            Ice/Necr       ######....   10%         6    #####..


Dungeon Overview and Level Annotations

Branches:
Dungeon (13/15)            Temple (1/1) D:5            Lair (8/8) D:11
 Shoals (0/4) Lair:4       Spider (0/4) Lair:3        Slime (0/6) Lair:7
    Orc (0/4) D:10
 Vaults: D:13-14

Altars:
Ashenzari
Cheibriados
Dithmenos
Elyvilon
Fedhas
Gozag
Kikubaaqudgha
Makhleb
Okawaru
Qazlal
Sif Muna
Trog
Vehumet
Xom
Zin
Jiyva

Shops:
D:11 [   D:12 (

Annotations:
D:3 Crazy Yiuf
Lair:2 1 exclusion


Innate Abilities, Weirdness & Mutations

You are resistant to hostile enchantments.


Message History

Something hits you.
* * * LOW HITPOINT WARNING * * *
Your ogre zombie barely misses the centaur warrior.
The centaur hits you!
* * * LOW HITPOINT WARNING * * *
Casting: Vampiric Draining
Confirm with . or Enter, or press ? or * to list all spells.
Aiming: Vampiric Draining
Press: ? - help, Shift-Dir - straight line, f/p - centaur
Aim: a centaur (severely wounded)
You kill the centaur!
Kikubaaqudgha accepts your kill.
You feel life coursing into your body. Something hits you!
* * * LOW HITPOINT WARNING * * *
Your wasp zombie hits the centaur warrior but does no damage.
Something hits you but does no damage.
The centaur warrior shoots an arrow.
The arrow barely misses your wasp zombie.
The arrow hits you!!
You die...
Kikubaaqudgha rasps: "You have failed me!
Welcome... death!"

.......#.##..).###'######
.....c.#)##..(.##.......#
......##(##+#)(cZZZ.....#
......##.(c(ZZ.#ZZ......#
......####..(#D#(Z......#
......# #...#.#........#
......# #...#.#.#'######
......####...#.#.#.#
#####........#.#@#'###
#........#>)..)..#
#........#.......#
#......###..<....#
#......# #.......#
#......# #.......#
#......# ##......#
######## ########


You could see a centaur warrior, 3 friendly gnoll simulacra, a friendly
manticore zombie, a friendly wasp zombie and a friendly ogre zombie.

Vanquished Creatures
  Gastronok (D:8)
  A frost giant (IceCv)
  Fannar (D:11)
  A hydra (Lair:8)
  Erica (D:8)
  5 death yaks
  The ghost of Wolfmoon the Thaumaturge, a novice DEAE of Vehumet (D:8)
  An unseen horror (D:12)
  5 hill giants
  An anubis guard (shapeshifter) (D:13)
  A griffon (Lair:6)
  4 elephants
  3 black mambas
  A kobold demonologist (D:11)
  14 spiny frogs
  4 fire drakes
  7 komodo dragons
  A merfolk (Lair:4)
  17 polar bears
  A troll (D:9)
  4 slime creatures (D:12)
  Prince Ribbit (D:8)
  A two-headed ogre (D:8)
  5 blink frogs
  A shadow (D:12)
  3 hippogriffs
  43 yaks
  A steam dragon (Lair:6)
  2 vampire mosquitoes
  A basilisk (Lair:8)
  Menkaure (D:10)
  A mottled dragon (D:13)
  A hungry ghost (D:13)
  18 wolves
  An orc warrior (D:13)
  7 porcupines
  A sky beast (D:5)
  A wasp (D:6)
  2 necrophages (D:9)
  A black bear (D:9)
  An ice beast (D:5)
  3 ogres
  8 water moccasins
  3 phantoms
  An eye of draining (D:10)
  5 centaurs
  7 crocodiles
  10 big kobolds
  18 giant frogs
  2 scorpions
  A wyvern skeleton (D:10)
  2 electric eels
  14 killer bees
  3 wights (D:7)
  2 jellies
  4 centaur zombies
  2 crimson imps (D:8)
  8 orc priests
  2 centaur skeletons (D:11)
  A gnoll shaman (D:5)
  4 iguanas
  12 worker ants
  Terence (D:2)
  A quasit (D:10)
  10 orc wizards
  14 sheep
  A hound zombie (D:5)
  5 gnolls
  15 adders
  3 shadow imps
  47 river rats
  A worker ant simulacrum (D:8)
  3 oozes
  An adder zombie (D:7)
  A worm (D:2)
  6 giant geckos
  50 orcs
  4 ball pythons
  8 bats
  7 giant cockroaches
  10 hobgoblins
  8 jackals
  A quokka (D:10)
  2 giant gecko zombies
  7 giant newts
  15 goblins
  35 kobolds
  9 rats
  A fungus (D:3)
  3 plants (D:7)
549 creatures vanquished.

Vanquished Creatures (collateral kills)
  Nessos (Lair:7)
  Josephine (Lair:7)
  An ice dragon (Lair:8)
  7 hydras
  Erolcha (D:11)
  A catoblepas (Lair:6)
  A death yak (Lair:6)
  A lindwurm (Lair:6)
  An oklob plant (Lair:8)
  2 griffons
  A siren (Lair:4)
  2 black mambas
  11 elephants
  An ice statue (IceCv)
  3 komodo dragons
  A gargoyle (D:13)
  4 spiny frogs
  A yaktaur (D:13)
  A giant leech (Lair:8)
  3 fire drakes
  3 polar bears (IceCv)
  4 blink frogs (Lair:8)
  2 slime creatures (D:12)
  A boulder beetle (Lair:8)
  3 wraiths (Lair:7)
  3 wyverns
  A steam dragon (Lair:3)
  A hippogriff (D:8)
  2 vampire mosquitoes (Lair:8)
  A basilisk (Lair:6)
  26 yaks
  A hungry ghost (D:11)
  3 water moccasins
  A wolf (IceCv)
  2 mottled dragons
  2 porcupines
  3 orc warriors
  2 centaurs (D:13)
  An ogre (D:7)
  5 crocodiles
  19 big kobolds (D:12)
  18 giant frogs
  2 scorpions
  4 killer bees
  An electric eel (Lair:8)
  2 wights (D:7)
  A crimson imp (D:5)
  A giant frog skeleton (D:3)
  An orc wizard (D:11)
  An orc priest (D:11)
  9 sheep
  A hound skeleton (D:4)
  A hound zombie (D:9)
  2 worker ant zombies
  Robin (D:2)
  3 gnolls
  4 adders
  15 river rats
  A worm (D:2)
  A giant gecko (D:3)
  12 orcs
  A hobgoblin (D:2)
  A jackal (D:4)
  14 kobolds
  A giant newt (D:5)
  3 goblins
  A quokka (D:5)
  2 rats
  9 fungi
  12 plants
256 creatures vanquished.

Vanquished Creatures (others)
  24 fungi
  24 plants
48 creatures vanquished.

Grand Total: 853 creatures vanquished

Notes
Turn   | Place    | Note
--------------------------------------------------------------
     0 | D:1      | Runnr the Human Necromancer began the quest for the Orb.
     0 | D:1      | Reached XP level 1. HP: 13/13 MP: 3/3
   274 | D:1      | Learned a level 1 spell: Animate Skeleton
   674 | D:1      | Reached XP level 2. HP: 15/20 MP: 0/5
  1553 | D:2      | Reached skill level 1 in Fighting
  1709 | D:2      | Noticed Terence
  1774 | D:2      | Killed Terence
  1774 | D:2      | Reached XP level 3. HP: 17/26 MP: 1/7
  1818 | D:2      | Reached XP level 4. HP: 22/32 MP: 2/8
  1939 | D:2      | Noticed Robin
  1966 | D:2      | Killed Robin
  1970 | D:2      | Your ally Terence died
  2205 | D:2      | Learned a level 3 spell: Vampiric Draining
  2209 | D:2      | Learned a level 3 spell: Regeneration
  2265 | D:2      | Your ally Robin died
  2335 | D:2      | Reached XP level 5. HP: 21/38 MP: 1/9
  3234 | D:3      | Found a snail-covered altar of Cheibriados.
  3453 | D:3      | Reached XP level 6. HP: 39/45 MP: 1/11
  3861 | D:3      | Learned a level 4 spell: Animate Dead
  3964 | D:3      | Noticed Crazy Yiuf
  4458 | D:4      | Reached skill level 5 in Necromancy
  4490 | D:4      | Reached XP level 7. HP: 49/52 MP: 5/12
  4680 | D:5      | Entered Level 5 of the Dungeon
  5048 | D:5      | Found a staircase to the Ecumenical Temple.
  5233 | D:5      | Got a dazzling dagger {speed}
  5234 | D:5      | Identified the +9 dagger "Dahufips" {speed, *Contam rElec rPois Stlth+} (You took it off a crimson imp on level 5 of the Dungeon)
  5256 | Temple   | Entered the Ecumenical Temple
  5344 | Temple   | Became a worshipper of Kikubaaqudgha
  5388 | D:5      | Reached XP level 8. HP: 23/60 MP: 7/14
  5639 | D:5      | Found a shimmering altar of Xom.
  5687 | D:5      | Reached skill level 5 in Dodging
  5710 | D:5      | Reached skill level 6 in Necromancy
  6059 | D:6      | Reached skill level 5 in Spellcasting
  6067 | D:6      | Found a glowing drain.
  6119 | Sewer    | Entered a sewer
  6124 | Sewer    | Learned a level 3 spell: Regeneration
  6181 | Sewer    | Reached skill level 5 in Fighting
  6193 | Sewer    | Reached * piety under Kikubaaqudgha
  6193 | Sewer    | Received a gift from Kikubaaqudgha
  6193 | Sewer    | Reached XP level 9. HP: 58/68 MP: 16/16
  6194 | Sewer    | Identified Kikubaaqudgha's Compendium of Necromancy (Kikubaaqudgha gifted it to you in a sewer)
  7176 | D:6      | Reached ** piety under Kikubaaqudgha
  7394 | D:7      | Reached skill level 7 in Necromancy
  7632 | D:7      | Reached *** piety under Kikubaaqudgha
  7632 | D:7      | Received a gift from Kikubaaqudgha
  7699 | D:7      | Identified Kikubaaqudgha's Almanac of Black Rituals (Kikubaaqudgha gifted it to you on level 7 of the Dungeon)
  7738 | D:7      | Reached XP level 10. HP: 50/77 MP: 12/19
  7793 | D:7      | Gained mutation: You are resistant to hostile enchantments. [mutagenic glow]
  7855 | D:7      | Noticed Menkaure
  7952 | D:7      | Learned a level 5 spell: Agony
  8029 | D:7      | Found a deep blue altar of Sif Muna.
  8450 | D:8      | Noticed Erica
  8512 | D:8      | Got a warped shortbow
  8587 | D:8      | Killed Erica
  8710 | D:8      | Reached skill level 8 in Necromancy
  8783 | D:8      | Noticed Prince Ribbit
  8803 | D:8      | Killed Prince Ribbit
  8886 | D:8      | Noticed Wolfmoon's ghost (novice DEAE)
  9065 | D:8      | Killed Wolfmoon's ghost
  9099 | D:8      | Noticed Gastronok
  9182 | D:8      | Killed Gastronok
  9182 | D:8      | Reached skill level 9 in Necromancy
  9182 | D:8      | Reached XP level 11. HP: 66/86 MP: 13/22
  9223 | D:8      | Noticed a two-headed hydra
  9294 | D:8      | Killed a two-headed hydra
  9361 | D:8      | Your ally Gastronok died
  9809 | D:9      | Learned a level 6 spell: Simulacrum
  9838 | D:9      | Reached **** piety under Kikubaaqudgha
 10068 | D:9      | Noticed a hill giant
 10125 | D:9      | Killed a hill giant
 10546 | D:10     | Entered Level 10 of the Dungeon
 10561 | D:9      | Reached skill level 1 in Ice Magic
 10715 | D:10     | Killed Menkaure
 11029 | D:10     | Noticed a hill giant
 11039 | D:10     | Killed a hill giant
 11070 | D:10     | Found a staircase to the Orcish Mines.
 11191 | D:10     | Noticed a hill giant
 11201 | D:10     | Killed a hill giant
 11201 | D:10     | Reached XP level 12. HP: 93/95 MP: 24/24
 11248 | D:11     | Found Feikhys's Antique Armour Boutique.
 11249 | D:11     | Noticed Fannar
 11300 | D:11     | Killed Fannar
 11320 | D:11     | Bought a jewelled leather armour for 182 gold pieces
 11330 | D:11     | Identified the cursed +0 leather armour "Fuifeim" {rN+ MR++ Int+3} (You bought it in a shop on level 11 of the Dungeon)
 11376 | D:11     | Noticed Erolcha
 11392 | D:11     | Killed Erolcha
 11392 | D:11     | Reached skill level 10 in Necromancy
 11458 | D:11     | Your ally Fannar died
 11623 | D:11     | Found a staircase to the Lair.
 11680 | Lair:1   | Entered Level 1 of the Lair of Beasts
 11782 | Lair:1   | Reached skill level 5 in Ice Magic
 12347 | Lair:1   | Reached ***** piety under Kikubaaqudgha
 12533 | Lair:2   | Noticed a five-headed hydra
 13270 | Lair:2   | Noticed a seven-headed hydra
 13315 | Lair:2   | Killed a seven-headed hydra
 13545 | Lair:2   | Killed a five-headed hydra
 13650 | Lair:3   | Reached XP level 13. HP: 101/101 MP: 26/26
 13845 | Lair:3   | Reached skill level 10 in Spellcasting
 13845 | Lair:3   | Reached skill level 11 in Necromancy
 13941 | Lair:3   | Found a hole to the Spider Nest.
 14541 | Lair:4   | Found a staircase to the Shoals.
 14556 | Lair:4   | Reached skill level 1 in Armour
 16039 | Lair:6   | Got a smelly ring mail
 16050 | Lair:6   | Identified the +1 ring mail "Amutseih" {Int+6 Stlth-} (You found it on level 6 of the Lair of Beasts)
 16659 | Lair:6   | Got a warped quarterstaff
 16910 | Lair:6   | Reached skill level 5 in Armour
 17622 | Lair:7   | Found a viscous altar of Jiyva.
 17622 | Lair:7   | Found a staircase to the Slime Pits.
 17684 | Lair:7   | Reached XP level 14. HP: 76/108 MP: 29/29
 17699 | Lair:7   | Noticed Josephine
 17712 | Lair:7   | Killed Josephine
 17714 | Lair:7   | Reached skill level 10 in Ice Magic
 17780 | Lair:7   | Noticed Nessos
 18212 | Lair:7   | Killed Nessos
 18390 | Lair:7   | Your ally Nessos died
 18714 | Lair:8   | Entered Level 8 of the Lair of Beasts
 18808 | Lair:8   | Found a frozen archway.
 18839 | IceCv    | Entered an ice cave
 18933 | IceCv    | Learned a level 3 spell: Inner Flame
 18936 | IceCv    | Learned a level 2 spell: Throw Flame
 18940 | IceCv    | Learned a level 3 spell: Conjure Flame
 19094 | IceCv    | Reached skill level 1 in Conjurations
 19094 | IceCv    | Reached skill level 1 in Hexes
 19109 | IceCv    | Reached skill level 1 in Fire Magic
 19219 | IceCv    | Reached ****** piety under Kikubaaqudgha
 20203 | IceCv    | Noticed a frost giant
 20294 | IceCv    | Killed a frost giant
 21235 | Lair:7   | Reached XP level 15. HP: 93/114 MP: 30/30
 22308 | D:11     | Reached skill level 12 in Spellcasting
 22673 | D:11     | Reached skill level 10 in Dodging
 23341 | D:12     | Reached skill level 10 in Fighting
 23433 | D:12     | Found Ocliq's Weapon Shop.
 24230 | D:13     | HP: 3/115 [something (9)]
 24232 | D:13     | HP: 1/115 [something (8)]
 24244 | D:13     | Shot with an arrow by a centaur warrior

Action                   |  1- 3 |  4- 6 |  7- 9 | 10-12 | 13-15 || total
-------------------------+-------+-------+-------+-------+-------++-------
Melee: Spear             |       |   125 |    23 |       |       ||   148
       Dagger            |       |       |   329 |   877 |  1463 ||  2669
 Cast: Pain              |    42 |   146 |    60 |    31 |    47 ||   326
       Animate Skeleton  |     7 |    45 |    32 |    18 |    37 ||   139
       Regeneration      |       |     5 |    14 |    33 |    77 ||   129
       Animate Dead      |       |       |    14 |    36 |    82 ||   132
       Vampiric Draining |       |       |    10 |    25 |   148 ||   183
       Agony             |       |       |       |    11 |     4 ||    15
       Simulacrum        |       |       |       |       |    36 ||    36
       Throw Flame       |       |       |       |       |    19 ||    19
       Inner Flame       |       |       |       |       |     6 ||     6
Invok: Receive Corpses   |       |       |       |     4 |    18 ||    22
 Abil: Evoke Berserk Rag |       |       |       |     2 |       ||     2
  Use: Potion            |       |     2 |       |       |    14 ||    16
       Scroll            |       |       |    11 |     6 |    22 ||    39
 Stab: Sleeping          |       |     1 |     9 |    11 |    15 ||    36
       Distracted        |       |     1 |       |     5 |     9 ||    15
       Petrifying        |       |       |       |       |     1 ||     1
  Eat: Chunk             |     3 |    29 |    15 |    40 |    50 ||   137
